 Dungeon Crawl Stone Soup version 0.25-a0-410-g53dbb631d1 (webtiles) character file.

Game seed: 12259310715204812270, levelgen mode: deterministic

70 LennartNight the Conjurer (level 4, -6/24 HPs)
             Began as a Tengu Conjurer on Jan 13, 2020.
             Mangled by Sigmund
             ... wielding a +4 scythe of slicing
              (13 damage)
             ... on level 2 of the Dungeon.
             The game lasted 00:19:10 (2080 turns).

LennartNight the Conjurer (Tengu Conjurer)          Turns: 2080, Time: 00:19:10

Health: -6/24      AC:  2    Str:  9    XL:     4   Next: 22%
Magic:  3/8        EV: 12    Int: 16    God:
Gold:   116        SH:  0    Dex: 14    Spells: 4/7 levels left

rFire    . . .     SeeInvis .   d - +0 whip
rCold    . . .     Gourm    .   (no shield)
rNeg     . . .     Faith    .   a - +0 robe
rPois    .         Spirit   .   (helmet restricted)
rElec    .         Reflect  .   (no cloak)
rCorr    .         Harm     .   (no gloves)
MR       .....                  (boots unavailable)
Stlth    ++........             (no amulet)
HPRegen  0.08/turn              (no ring)
MPRegen  0.11/turn              (no ring)

@: no status effects
A: beak, talons 3
a: no special abilities


You were on level 2 of the Dungeon.
You were not hungry.

You visited 1 branch of the dungeon, and saw 2 of its levels.

You collected 116 gold pieces.

Inventory:

Hand Weapons
 d - a +0 whip (weapon)
Missiles
 l - 14 arrows
Armour
 a - a +0 robe (worn)
 h - a +0 robe of fire resistance
Jewellery
 f - an uncursed ring of ice {unknown}
 j - an uncursed amulet of the gourmand {unknown}
Scrolls
 c - a scroll of immolation {unknown}
 e - a scroll of enchant weapon {unknown}
 g - a scroll of remove curse {unknown}
 m - a scroll of identify {unknown}
Potions
 b - a potion of mutation {unknown}
 i - a potion of ambrosia {unknown}
Comestibles
 k - a ration


   Skills:
 * Level 1.1 Armour
 - Level 2.2 Dodging
 - Level 2.0 Stealth
 - Level 2.0 Spellcasting
 + Level 7.2 Conjurations


You had 4 spell levels left.
You knew the following spells:

 Your Spells              Type           Power        Failure   Level  Hunger
a - Magic Dart            Conj           ###.         1%          1    #......
b - Searing Ray           Conj           ###...       1%          2    ###....

Your spell library contained the following spells:

 Spells                   Type           Power        Failure   Level  Hunger
 Dazzling Flash           Conj/Hex       ##....       14%         3    ###....
 Fulminant Prism          Conj/Hex       ##........   43%         4    #####..
 Iskenderun's Mystic Bla  Conj/Tloc      ##......     43%         4    #####..


Dungeon Overview and Level Annotations

Branches:
Dungeon (2/15)

Altars:

Annotations:
D:2 Sigmund


Innate Abilities, Weirdness & Mutations

You have a beak for a mouth.
You have claws for feet.


Message History

Press: ? - help, Shift-Dir - straight line, f - Sigmund
Aim: Sigmund, wielding a +4 scythe of slicing and wearing a +0 robe The searing ray hits Sigmund!
Sigmund is moderately wounded. (Press . to maintain the ray.) Sigmund points at you and mumbles some strange words.
The magic dart hits you.
Unknown command.
The searing ray hits Sigmund!
Sigmund is heavily wounded.
The searing ray misses Sigmund.
Sigmund casts a spell.
Sigmund flickers and vanishes!
Deactivating autopickup; reactivate with Ctrl-A.
The searing ray hits something!
You finish channeling your searing ray.
Something hits you!
* * * LOW HITPOINT WARNING * * *
Something hits you!
Ouch! That really hurt!
You die...

##.#####..# #.# #.(# #.# #.#
########..# #.# #.#
#.........# #.###.#
#.<......##.#.#...#
#...........#.#.###
#........####{#.#
#........##...#.# #........#
#@#w# #........# #.#.####
#........# #.#....####
#........####.####....#
####........##........##.#
#.....#....###..#####.##.##
#.#...#.##.# #..#...#.##..#
..#.....##.###..#...#..<#.##
###..#####.##...#...#...#..#


There were no monsters in sight!

Vanquished Creatures
  2 adders
  An ooze (D:1)
  4 dart slugs
  2 leopard geckos (D:1)
  2 ball pythons (D:2)
  A giant cockroach (D:1)
  5 goblins
  4 hobgoblins (D:1)
  3 jackals (D:1)
  6 bats
  5 kobolds
  2 rats
37 creatures vanquished.

Vanquished Creatures (others)
  4 toadstools (D:1)
4 creatures vanquished.

Grand Total: 41 creatures vanquished

Notes
Turn   | Place    | Note
-------+----------+-------------------------------------------
     0 | D:1      | LennartNight the Tengu Conjurer began the quest for the
                  | Orb.
     0 | D:1      | Reached XP level 1. HP: 10/10 MP: 4/4
   252 | D:1      | Reached XP level 2. HP: 15/15 MP: 3/6
   326 | D:1      | Reached skill level 6 in Conjurations
   677 | D:1      | Reached XP level 3. HP: 19/19 MP: 4/7
  1563 | D:1      | Reached skill level 7 in Conjurations
  1572 | D:1      | Reached XP level 4. HP: 5/24 MP: 2/8
  1828 | D:2      | Reached skill level 1 in Armour
  1833 | D:2      | Learned a level 2 spell: Searing Ray
  2060 | D:2      | Noticed Sigmund
  2080 | D:2      | Mangled by Sigmund

Levels and vault maps discovered:
D:1:      tarquinn_simple_flora_water_b, layout_loops_ring,
          minmay_gold_behind_fungi, feat_on_display
D:2:      layout_basic, chequers_ecumenical_altar_simple_redux, minmay_vboxes,
          uniq_sigmund

Skill      XL: |  1  2  3  4 |
---------------+-------------+-----
Conjurations   | 6 7 |  7.2
Armour         | 1 |  1.1
Dodging        | |  2.2
Stealth        | |  2.0
Spellcasting   | |  2.0

Action                   |  1- 3 |  4- 6 || total
-------------------------+-------+-------++-------
Melee: Kick              |     3 |       ||     3
       Unarmed           |     2 |       ||     2
       Peck              |     1 |       ||     1
       Whip              |     3 |       ||     3
 Cast: Magic Dart        |    74 |    16 ||    90
       Searing Ray       |       |     1 ||     1
  Eat: Ration            |     1 |     1 ||     2
Armor: Robe              |     6 |       ||     6
Dodge: Dodged            |    27 |     1 ||    28

Table legend:
 A = Non-vault XP
 B = Vault XP
 C = Vault XP percentage of total XP
 D = Non-vault monster count
 E = Vault monster count
 F = Vault count percentage of total count
                 A         B        C        D         E       F
            +---------+---------+-------+---------+---------+-------
      Total |      74 |      27 |  26.7 |      31 |       6 |  16.2
            +---------+---------+-------+---------+---------+-------
        D:1 |      47 |      19 |  28.8 |      22 |       3 |  12.0
        D:2 |      27 |       8 |  22.9 |       9 |       3 |  25.0
            +---------+---------+-------+---------+---------+-------
